 Dungeon Sprint DCSS version 0.16-a0-2010-g98bc240 (webtiles) character file.

0 thegroundistoosoft the Insei (level 1, -21/18 HPs)
             Began as a Mummy Monk on Nov 9, 2014.
             Killed from afar by a deep elf conjurer (24 damage)
             ... with a bolt of lightning
             ... in the Dungeon (Sprint V: "Ziggurat Sprint").
             The game lasted 00:00:55 (24 turns).

thegroundistoosoft the Insei (Mummy Monk)             Turns: 24, Time: 00:00:55

Health: -21/18     AC:  2    Str: 14    XL:     1   Next: 0%
Magic:  1/1        EV: 13    Int:  9    God:
Gold:   0          SH:  0    Dex: 14    Spells: 0 memorised, 0 levels left

rFire  x . .     SeeInvis .       - Unarmed
rCold  + . .     Clarity  .     a - +0 robe
rNeg   + + +     SustAb   .     (no shield)
rPois  +         Gourm    .     (no helmet)
rElec  .         Spirit   .     (no cloak)
rCorr  .         Warding  .     (no gloves)
rMut   .         NoTele   +     (no boots)
MR     .....                    (no amulet)
Stlth  ++........               (no ring)
                                (no ring)

@: not resistant to hostile enchantments, unstealthy
A: no food or potions, fire vulnerability, restore body, cold resistance 1,
negative energy resistance 3, poison resistance, torment resistance, unbreathing
a: no special abilities


You were in the Dungeon.
You were not hungry.

You visited 1 branch


Innate Abilities, Weirdness & Mutations

You do not eat or drink.
Your flesh is vulnerable to fire.
Your flesh is cold resistant.
You are immune to negative energy.
Your system is resistant to poisons.
You are immune to unholy pain and torment.
You can survive without breathing.


   Skills:
 + Level 3.0 Fighting
 + Level 2.4 Dodging
 + Level 1.5 Stealth
 + Level 3.2 Unarmed Combat


You couldn't memorise any spells.
You didn't know any spells.

Inventory:

Armour
 a - a +0 robe (worn)
Scrolls
 g - a scroll of blinking

Dungeon Overview and Level Annotations

Branches:
Dungeon (1/1)

Altars:
Ashenzari
Cheibriados
Dithmenos
Elyvilon
Fedhas
Gozag
Kikubaaqudgha
Makhleb
Nemelex Xobeh
Okawaru
Qazlal
Sif Muna
Trog
Vehumet
Xom
Yredelemnul
Zin
The Shining One
Beogh
Jiyva
Lugonu

▓▓▓▓▓▓▓▓▓▓▓▓▓▓▓▓▓▓▓
▓.8©8.▓.8©8.▓.8©8.▓
▓.):}.▓.::Z.▓.....▓
▓..ee.▓..Z..▓.=.|.▓
▓.ee..▓..§..▓.MZ..▓
▓.....▓W....▓.....▓
▓.....▓.....▓.....▓
▓..@..▓.....▓▓▓▓▓▓▓
▓▓▓▓▓▓▓▓▓▓▓▓▓


You could see a deep elf knight, 2 deep elf conjurers and a deep elf mage.


Message History

The mummy hits you!
Ouch! That really hurt!
* * * LOW HITPOINT WARNING * * *
Unknown command.
You see here an uncursed ring of fire.
Your surroundings seem different!
Welcome to arena 2.
A phantom and 2 skeletons come into view.
Found a book of Air, a book of the Sky and a book of Spatial Translocations.
The rat skeleton bites you.
* * * LOW HITPOINT WARNING * * *
The phantom misses you. The rat skeleton bites you.
* * * LOW HITPOINT WARNING * * *
The phantom blinks!
You see here a book of Air.
Your surroundings seem different!
Welcome to arena 3.
A deep elf knight, a deep elf mage and 2 deep elf conjurers come into view.
The deep elf conjurer shouts!
The deep elf mage shouts!
The deep elf conjurer unwields an uncursed short sword.
The deep elf conjurer drops an uncursed short sword.
The deep elf conjurer picks up a +0 war axe of flaming.
The deep elf conjurer wields a +0 war axe of flaming.
It bursts into flame!
The deep elf knight picks up an uncursed amulet of guardian spirit.
The deep elf knight puts on an uncursed amulet of guardian spirit.
Found a book of Unlife, a box of beasts and an uncursed short sword.
The deep elf knight shouts!
The deep elf conjurer points at you and mumbles some strange words.
The bolt of lightning hits you!
Ouch! That really hurt!
You die...

Action                   || total
-------------------------++-------
Melee: Unarmed           ||     1

Vault maps used:
D:        sprint_v

Notes
Turn   | Place    | Note
--------------------------------------------------------------
     0 | D        | thegroundistoosoft, the Mummy Monk, began the quest for the Orb.
     0 | D        | Reached XP level 1. HP: 18/18 MP: 1/1
     0 | D        | Found a roughly hewn altar of Beogh.
     0 | D        | Found a corrupted altar of Lugonu.
     1 | D        | Found an ancient bone altar of Kikubaaqudgha.
     2 | D        | Found a basalt altar of Yredelemnul.
     2 | D        | Found an iron altar of Okawaru.
     2 | D        | Found a burning altar of Makhleb.
     2 | D        | Found a radiant altar of Vehumet.
     4 | D        | Found a white marble altar of Elyvilon.
     4 | D        | Found a deep blue altar of Sif Muna.
     4 | D        | Found a shimmering altar of Xom.
     5 | D        | Found a sparkling altar of Nemelex Xobeh.
     5 | D        | Found a bloodstained altar of Trog.
     7 | D        | Banished a spatial maelstrom
     9 | D        | Entered arena 1.
    16 | D        | Entered arena 2.
    16 | D        | Noticed a phantom
    22 | D        | Entered arena 3.
    22 | D        | Noticed a deep elf conjurer
    22 | D        | Noticed a deep elf mage
    22 | D        | Noticed a deep elf conjurer
    22 | D        | Noticed a deep elf knight
    24 | D        | Killed from afar by a deep elf conjurer

Vanquished Creatures (others)
  A spatial maelstrom (D)
1 creature vanquished.
